 Dungeon Crawl Stone Soup version 0.26-a0-850-g97a50ab700 (webtiles) character file.

Game seed: 9680984498331282629

50 jiml777 the Magician (level 3, -2/19 HPs)
             Began as a Deep Elf Air Elementalist on Nov 20, 2020.
             Slain by a worm (3 damage)
             ... on level 2 of the Dungeon.
             The game lasted 00:10:40 (1638 turns).

jiml777 the Magician (Deep Elf Air Elementalist)    Turns: 1638, Time: 00:10:41

Health: -2/19      AC:  2    Str:  5    XL:     3   Next: 55%
Magic:  8/10       EV: 13    Int: 20    God:
Gold:   89         SH:  0    Dex: 15    Spells: 8/9 levels left

rFire    . . .     SeeInvis .   a - +1 dagger (freeze)
rCold    . . .     Faith    .   (no shield)
rNeg     . . .     Spirit   .   b - +0 robe
rPois    .         Reflect  .   (no helmet)
rElec    .         Harm     .   (no cloak)
rCorr    .         Rampage  .   (no gloves)
MR       .....                  (no boots)
Stlth    ++........             (no amulet)
HPRegen  0.06/turn              (no ring)
MPRegen  0.12/turn              (no ring)

@: no status effects
A: no striking features
a: no special abilities


You were on level 2 of the Dungeon.
You visited 1 branch of the dungeon, and saw 2 of its levels.

You collected 89 gold pieces.

Inventory:

Hand Weapons
 a - a +1 dagger of freezing (weapon)
Armour
 b - a +0 robe (worn)
Scrolls
 c - a scroll of identify {unknown}
 d - 2 scrolls of enchant weapon {unknown}
Potions
 e - a potion of degeneration {unknown}


   Skills:
 + Level 0.2 Short Blades
 + Level 2.6 Dodging
 + Level 2.5 Stealth
 + Level 3.7 Spellcasting
 + Level 1.9 Conjurations
 + Level 3.7 Air Magic


You had 8 spell levels left.
You knew the following spells:

 Your Spells              Type           Power        Failure   Level
a - Shock                 Conj/Air       ###.         4%          1

Your spell library contained the following spells:

 Spells                   Type           Power        Failure   Level
 Swiftness                Air            ###.....     4%          2
 Static Discharge         Conj/Air       ###.....     12%         3
 Airstrike                Air            ###.......   28%         4
 Lightning Bolt           Conj/Air       ###.......   75%         5


Dungeon Overview and Level Annotations

Branches:
Dungeon (2/15)

Altars:
Okawaru
Yredelemnul


Message History

Confirm with . or Enter, or press ? or * to list all spells.
Aiming: Shock (safe; 4% risk of failure)
Press: ? - help, Shift-Dir - straight line, f/p - worm
Aim: a worm The zap hits the worm.
The worm is lightly wounded.
The worm closely misses you.
Casting: Shock (safe; 4% risk of failure)
Confirm with . or Enter, or press ? or * to list all spells.
Aiming: Shock (safe; 4% risk of failure)
Press: ? - help, Shift-Dir - straight line, f/p - worm
Aim: a worm (lightly wounded)
The zap hits the worm.
The worm is moderately wounded.
The worm bites you!
Ouch! That really hurt!
The worm bites you!
* * * LOW HITPOINT WARNING * * *
The worm bites you.
You die...

######.#####
#..######
#...........# #..#
#.#.#######.# #..#
#. #.####..# #.
#.......#
#.#######..####.#
#..........# #.#
#..##.##..## #.#
#.#..##@##..#
#.....w.##w.#
##...#####..###
#............###.#
#.#w.........>...#
#<#.######...#####
#.#.# ...†..#
#.#### . ...
####.#.# ..... #
... ..#.. ...†.


You could see a worm.

Vanquished Creatures
  An ooze (D:2)
  A worm (D:2)
  A leopard gecko (D:2)
  2 orcs (D:2)
  A ball python (D:1)
  4 hobgoblins (D:2)
  6 kobolds
  A quokka (D:2)
  8 bats
  3 frilled lizards
  6 goblins
  5 rats
39 creatures vanquished.

Notes
Turn   | Place    | Note
-------+----------+-------------------------------------------
     0 | D:1      | jiml777 the Deep Elf Air Elementalist began the quest for
                  | the Orb.
     0 | D:1      | Reached XP level 1. HP: 10/10 MP: 6/6
   415 | D:1      | Reached XP level 2. HP: 15/15 MP: 2/8
  1140 | D:2      | Reached XP level 3. HP: 19/19 MP: 0/10
  1400 | D:2      | Found an iron altar of Okawaru.
  1474 | D:2      | Found a basalt altar of Yredelemnul.
  1638 | D:2      | Slain by a worm

Illustrated notes

Levels and vault maps discovered:
D:1:      lightli_arrival_lavapool, layout_loops_ring, moated_statue
D:2:      layout_loops_ring, okawaru_altar_gauntlet_db, lemuel_statue_altar,
          uniq_terence

Action                   || total
-------------------------++-------
Melee: Dagger            ||     1
 Cast: Shock             ||    74
  Use: Scroll            ||     1
Armor: Robe              ||     6
Dodge: Dodged            ||    16

Table legend: (Time is in decaauts)
 A = Elapsed time spent in this place.
 B = Non-inter-level travel time spent in this place.
 C = Inter-level travel time spent in this place.
 D = Time resting spent in this place.
 E = Time spent auto-exploring this place.
 F = Levels seen in this place.
 G = Mean time per level.
                   A        B        C        D        E       F      G
               +--------+--------+--------+--------+--------+-----+--------+
         Total |   1638 |   1586 |     52 |    569 |    722 |   2 |  819.0 |
       Dungeon |   1638 |   1586 |     52 |    569 |    722 |   2 |  819.0 |
               +--------+--------+--------+--------+--------+-----+--------+

Top non-repeatable levels by time:
     D:1: 1103 daAuts
     D:2: 534 daAuts
